Map: Jagannatha LE

Players

Scarlett - Winner!

  • Race: Zerg Zerg

Neeb

  • Race: Protoss Protoss

Event: DreamHack SC2 Masters 2021 Summer

VOD

Have the link to the VOD?

Description

Time

  • Played on: June 6, 2021, 5:07 p.m.
  • Length: 14:05

All games in this series

Show
View Real Time Build Order
Export as new Build Order

Scarlett Zerg - Winner!

Build Orders: Hatch First, Lurkers 

Get SALT Encoding   

  12  0:00  Drone  
  13  0:12  Overlord  
  13  0:16  Drone  
  14  0:30  Drone x2  
  16  0:43  Drone  
  17  0:51  Hatchery  
  17  0:54  Drone  
  17  0:58  Drone  
  18  1:08  Extractor  
  17  1:14  Spawning Pool  
  17  1:16  Drone  
  17  1:20  Drone  
  18  1:28  Drone  
  19  1:38  Drone  
  20  1:48  Overlord  
  20  2:00  Queen  
  22  2:03  Queen, Zergling x2  
  22  2:04  Drone  
  26  2:12  Drone  
  26  2:13  Metabolic Boost  
  27  2:17  Drone  
  28  2:24  Drone x2  
  30  2:35  Hatchery  
  29  2:41  Drone x2  
  31  2:48  Queen  
  33  2:52  Overlord  
  33  2:59  Drone x3  
  36  3:14  Zergling x4  
  36  3:15  Drone x6  
  44  3:21  Overlord  
  44  3:31  Overlord  
  44  3:35  Overlord  
  44  3:39  Queen  
  46  3:44  Drone  
  46  3:45  Drone x4  
  50  3:51  Roach Warren  
  50  3:53  Zergling x4  
  51  3:55  Spore Crawler  
  51  4:01  Drone  
  51  4:02  Drone x4  
  55  4:09  Queen, Spore Crawler  
  56  4:12  Queen  
  56  4:14  Zergling x2  
  56  4:15  Zergling x2  
  60  4:22  Drone x4  
  60  4:24  Drone  
  64  4:29  Drone  
  62  4:32  Drone x4  
  66  4:40  Roach Warren  
  65  4:45  Lair  
  65  4:46  Drone x2  
  65  4:51  Extractor x2  
  64  4:54  Drone x6  
  64  4:58  Extractor  
  69  5:05  Drone x5  
  69  5:06  Overlord  
  73  5:10  Evolution Chamber  
  73  5:12  Overlord x2  
  72  5:17  Spore Crawler  
  71  5:27  Roach x5  
  81  5:33  Roach x3  
  87  5:39  Roach x3  
  87  5:41  Roach  
  95  5:46  Overlord x2  
  95  5:48  Ravager  
  95  5:49  Ravager  
  97  5:55  Overlord x3  
  97  6:00  Ravager  
  97  6:02  Overlord  
  98  6:04  Ravager  
  98  6:05  Zergling x10, Ravager x2  
  98  6:08  Zergling x4  
  108  6:11  Ravager  
  108  6:14  Zergling x8  
  113  6:19  Ravager  
  113  6:20  Zergling x6  
  113  6:24  Ravager  
  113  6:25  Zergling x8  
  121  6:31  Zergling x2  
  121  6:32  Zergling x8  
  123  6:35  Queen  
  124  6:43  Zergling x6  
  124  6:44  Ravager  
  124  6:46  Queen x2  
  128  6:51  Zergling x8  
  128  6:54  Zergling x4  
  128  6:59  Zergling x2  
  128  7:00  Zergling x6  
  125  7:07  Zerg Missile Weapons Level 1  
  120  7:11  Queen  
  120  7:14  Drone x4  
  119  7:16  Ravager  
  119  7:22  Queen  
  114  7:26  Drone x6  
  102  7:38  Drone x2  
  102  7:43  Glial Reconstitution  
  92  7:50  Drone x4  
  87  7:53  Extractor x2, Roach  
  87  7:54  Queen x2  
  87  7:57  Roach x2  
  87  7:58  Queen  
  91  8:00  Roach x4  
  91  8:03  Hatchery  
  91  8:04  Roach x3  
  104  8:11  Roach x3  
  110  8:17  Zergling x4  
  112  8:24  Zergling x4  
  112  8:27  Infestation Pit, Overlord x4  
  113  8:42  Drone x7  
  120  8:49  Hydralisk Den  
  120  8:53  Drone x3  
  122  8:59  Drone x7  
  129  9:05  Overseer  
  129  9:06  Zerg Missile Weapons Level 2  
  129  9:12  Hatchery  
  129  9:13  Hive  
  127  9:17  Roach x7  
  127  9:20  Extractor  
  127  9:21  Roach x2  
  127  9:24  Extractor, Roach x2  
  143  9:30  Ravager x7  
  143  9:31  Roach x2  
  158  9:36  Overlord x3  
  158  9:43  Grooved Spines  
  158  9:51  Roach x8  
  173  10:00  Zergling x2  
  173  10:01  Zergling x18  
  182  10:11  Roach x4  
  163  10:17  Roach x5  
  158  10:22  Roach x8  
  158  10:26  Roach  
  158  10:27  Roach x3  
  165  10:30  Roach x2  
  155  10:36  Roach  
  155  10:37  Lurker Den  
  155  10:41  Roach x4  
  156  10:42  Roach  
  156  10:44  Roach  
  144  10:51  Roach x5  
  144  10:53  Roach x2  
  144  10:54  Roach  
  144  10:56  Roach  
  144  10:57  Roach  
  147  10:58  Roach  
  147  11:02  Roach  
  145  11:04  Roach  
  145  11:05  Ravager  
  145  11:06  Ravager  
  145  11:07  Ravager  
  145  11:08  Roach x2  
  144  11:13  Roach  
  144  11:16  Queen x2, Roach x2  
  140  11:18  Roach x2  
  140  11:22  Roach x2  
  128  11:28  Roach x3  
  128  11:31  Hydralisk  
  124  11:35  Hydralisk x2  
  128  11:47  Drone x4  
  128  11:51  Seismic Spines  
  128  11:53  Viper  
  128  11:54  Viper  
  138  12:01  Drone x4  
  142  12:12  Lurker  
  142  12:13  Overseer  
  143  12:19  Drone x6  
  143  12:20  Queen  
  143  12:22  Lurker x2  
  153  12:25  Hatchery  
  152  12:30  Muscular Augments  
  152  12:32  Hydralisk x3  
  158  12:46  Hydralisk x6  
  158  12:50  Adaptive Talons  
  170  12:55  Hydralisk x2  
  170  12:57  Overlord  
  174  12:59  Lurker x2  
  176  13:09  Lurker  
  177  13:16  Lurker x4  
  177  13:17  Lurker  
  177  13:18  Zergling x2  
  177  13:19  Zergling x18  
  183  13:34  Lurker x3  
  186  13:42  Roach x7  
Show
View Real Time Build Order
Export as new Build Order

Neeb Protoss 

Build Orders: 1 Gate Expand, Oracle Opening 

Get SALT Encoding   

  12  0:00  Probe  
  13  0:12  Probe  
  14  0:20  Pylon  
  14  0:24  Probe  
  15  0:38  Probe (Chrono Boost)  
  15  0:41  Gateway  
  16  0:47  Probe (Chrono Boost)  
  17  0:51  Assimilator  
  17  0:52  Probe (Chrono Boost)  
  18  1:04  Probe  
  19  1:16  Probe  
  20  1:28  Nexus  
  20  1:39  Cybernetics Core  
  20  1:42  Probe  
  21  1:48  Assimilator  
  22  1:54  Probe  
  22  1:55  Pylon  
  22  2:06  Probe (Chrono Boost)  
  23  2:12  Stalker (Chrono Boost)  
  23  2:15  Warp Gate  
  25  2:18  Probe (Chrono Boost)  
  26  2:23  Probe (Chrono Boost)  
  27  2:34  Probe (Chrono Boost), Adept  
  30  2:40  Stargate  
  30  2:41  Probe (Chrono Boost)  
  31  2:50  Probe x2 (Chrono Boost)  
  33  2:55  Probe (Chrono Boost)  
  33  2:56  Probe  
  35  3:04  Adept  
  37  3:06  Gateway  
  37  3:07  Probe  
  38  3:13  Probe  
  39  3:20  Oracle (Chrono Boost)  
  39  3:21  Probe, Pylon  
  39  3:25  Probe  
  44  3:33  Probe, Pylon  
  45  3:38  Probe  
  46  3:45  Probe  
  46  3:47  Oracle (Chrono Boost)  
  47  3:50  Probe  
  50  3:57  Probe  
  51  4:03  Probe  
  51  4:06  Nexus  
  51  4:08  Pylon  
  53  4:10  Probe, Adept  
  53  4:11  Adept  
  53  4:15  Probe  
  58  4:23  Probe  
  57  4:29  Probe  
  57  4:31  Assimilator  
  56  4:32  Assimilator  
  56  4:33  Shield Battery  
  56  4:35  Probe  
  57  4:39  Twilight Council, Forge  
  57  4:41  Probe  
  58  4:47  Probe  
  58  4:49  Sentry x2  
  62  4:53  Probe  
  62  4:57  Gateway  
  62  4:59  Probe, Gateway  
  64  5:05  Probe  
  65  5:10  Protoss Ground Weapons Level 1 (Chrono Boost)  
  65  5:11  Probe, Robotics Facility  
  66  5:15  Blink  
  66  5:16  Pylon  
  66  5:18  Probe x2  
  68  5:23  Probe  
  69  5:30  Probe  
  69  5:32  Probe, Pylon  
  71  5:35  Assimilator  
  71  5:38  Gateway  
  72  5:43  Gateway  
  72  5:44  Gateway  
  72  5:47  Stalker, Sentry  
  75  5:53  Stalker  
  75  5:54  Pylon  
  75  5:56  Stalker  
  76  5:57  Immortal (Chrono Boost)  
  76  6:03  Shield Battery  
  80  6:06  Shield Battery  
  80  6:07  Pylon  
  80  6:14  Shield Battery x2  
  80  6:16  Sentry  
  82  6:20  Stalker x2  
  82  6:25  Pylon  
  86  6:31  Immortal (Chrono Boost)  
  86  6:39  Stalker x2  
  84  6:43  Stalker  
  84  6:44  Zealot x2  
  84  6:47  Adept  
  82  6:56  Cybernetics Core  
  75  7:01  Immortal (Chrono Boost)  
  75  7:05  Zealot x3  
  79  7:11  Zealot  
  79  7:27  Zealot x3  
  81  7:39  Stalker  
  72  7:50  Nexus  
  70  7:51  Pylon, Sentry  
  70  7:52  Sentry x2  
  70  7:57  Probe x2  
  78  8:01  Assimilator  
  78  8:09  Probe  
  79  8:14  Gateway  
  79  8:16  Gateway  
  79  8:18  Gateway  
  80  8:20  Probe, Gateway, Phoenix, Observer  
  80  8:21  Probe  
  82  8:31  Sentry  
  82  8:32  Stalker x2  
  88  8:40  Stalker  
  90  8:46  Warp Prism (Chrono Boost)  
  92  8:51  Pylon  
  92  8:54  Pylon  
  92  9:15  Stalker x5  
  102  9:26  Stalker x3  
  108  9:45  Pylon  
  108  9:52  Stalker x7  
  122  10:00  Pylon  
  107  10:18  Stalker x5  
  107  10:19  Stalker x2  
  101  10:35  Stalker  
  89  10:43  Stalker x7  
  93  11:02  Stalker  
  93  11:07  Stalker x5  
  81  11:35  Stalker x7  
  91  11:52  Robotics Bay  
  91  11:53  Probe, Robotics Facility  
  92  11:57  Sentry  
  94  12:03  Stalker x2, Sentry  
  94  12:04  Nexus  
  94  12:06  Pylon  
  94  12:08  Observer (Chrono Boost)  
  101  12:13  Probe  
  102  12:22  Probe  
  103  12:30  Probe x2  
  103  12:31  Shield Battery x2  
  103  12:35  Stalker x4  
  103  12:36  Stalker x2  
  117  12:40  Disruptor (Chrono Boost)  
  117  12:42  Disruptor (Chrono Boost)  
  120  12:48  Probe x3 (Chrono Boost)  
  126  12:58  Probe x2 (Chrono Boost)  
  128  13:04  Probe  
  128  13:07  Probe, Disruptor (Chrono Boost)  
  128  13:08  Probe  
  128  13:09  Assimilator  
  128  13:11  Assimilator  
  134  13:13  Disruptor (Chrono Boost)  
  134  13:16  Probe  
  138  13:25  Stalker  
  138  13:26  Stalker x4  
  146  13:37  Stalker x3  
  149  13:54  Stalker x4  
Tags
 
Add a new tag
Caveats
  • Supply blocks, unpowered buildings, or Contaminate may cause inaccurate times.
  • Supply counts are checked every 10 seconds.